[Event "Marshall Masters 44"]
[Site "New York"]
[Date "2024.12.18"]
[Round "1.1"]
[White "Tang, Andrew"]
[Black "Smith, Bryan"]
[Result "1-0"]
[ECO "D70"]
[WhiteElo "2527"]
[BlackElo "2388"]
[Annotator "TA"]
[PlyCount "49"]
[EventDate "2024.12.17"]
[EventType "swiss"]
[EventCountry "USA"]
[SourceTitle "playchess.com"]
[Source "ChessBase"]
[SourceQuality "1"]
[TimeMode "Bronstein"]
[TimeControl "1500+5"]

1. d4 Nf6 2. c4 g6 3. f3 d5 4. cxd5 Nxd5 5. e4 Nb6 6. Nc3 Bg7 7. Be3 Nc6 8. d5 Ne5 9. f4 Ng4 $1 10. Bb5+ $1 Kf8 11. Bc5 c6 {[%emt 0:00:52] Prevents a4.} 12. dxc6 Qc7 13. h3 {[%emt 0:02:22] White is more active.} ({White should play} 13. Be2 $16 {and Nb5 should not be overlooked} Bxc3+ 14. bxc3) 13... bxc6 $11 14. Bd3 $1 Nf6 (14... Nd7 $11 15. Ba3 Bxc3+ (15... Ne3 16. Qf3 $14) 16. bxc3 Ngf6) 15. Qf3 Be6 ({Better is} 15... g5) 16. Nge2 $16 Nfd7 17. Bf2 Bc4 (17... Rd8 $16 18. b3 Nf6) 18. Bc2 (18. Bxc4 $18 Nxc4 19. b3) 18... Bxe2 19. Nxe2 Bxb2 20. Rd1 Nc4 $2 (20... e6 $16 {was worth a try.}) 21. O-O e5 $2 (21... Rb8 22. Qd3 Ncb6) 22. Bb3 $18 {[%emt 0:00:51] A strong pair of Bishops.} Na5 23. f5 {[%emt 0:01:24] Threatening mate with fxg6.} Nxb3 24. Qxb3 Rb8 {[%emt 0:00:05] [#]} 25. Rxd7 $1 1-0

[Event "Marshall Masters 44"]
[Site "New York"]
[Date "2024.12.18"]
[Round "1.2"]
[White "Bonin, Jay"]
[Black "Lenderman, Aleksandr"]
[Result "0-1"]
[ECO "D03"]
[WhiteElo "2102"]
[BlackElo "2480"]
[Annotator "TA"]
[PlyCount "54"]
[EventDate "2024.12.17"]
[EventType "swiss"]
[EventCountry "USA"]
[SourceTitle "playchess.com"]
[Source "ChessBase"]
[SourceQuality "1"]
[TimeMode "Bronstein"]
[TimeControl "1500+5"]

1. d4 d5 2. c3 Nf6 3. Bg5 Ne4 4. Bf4 c6 5. Nf3 Bf5 6. Qb3 Qb6 7. Nbd2 Nd7 8. e3 h6 9. h3 e6 10. Nxe4 Bxe4 11. Nd2 Bh7 12. a4 Be7 13. a5 Qxb3 14. Nxb3 a6 15. Kd2 Rc8 16. Bd3 Bxd3 17. Kxd3 c5 18. Nd2 O-O 19. Nf3 f6 20. b3 cxd4 21. exd4 {[%emt 0:00:29] [#]} e5 $1 22. Rhe1 Bd6 {[%emt 0:00:15] ...e4+ would now be deadly.} 23. dxe5 $2 (23. Bh2 $15) 23... fxe5 $19 24. Nxe5 Nc5+ (24... Rxf4 25. Nxd7 Rd8 26. Nb6 $11) 25. Ke3 Nxb3 26. Rad1 Rxc3+ 27. Rd3 d4+ 0-1

[Event "Marshall Masters 44"]
[Site "New York"]
[Date "2024.12.18"]
[Round "1.3"]
[White "Zeltsan, Joseph"]
[Black "Mullodzhanov, Nathaniel"]
[Result "1-0"]
[ECO "E61"]
[WhiteElo "2405"]
[BlackElo "1927"]
[Annotator "TA"]
[PlyCount "43"]
[EventDate "2024.12.17"]
[EventType "swiss"]
[EventCountry "USA"]
[SourceTitle "playchess.com"]
[Source "ChessBase"]
[SourceQuality "1"]
[TimeMode "Bronstein"]
[TimeControl "1500+5"]

1. d4 Nf6 2. c4 g6 3. Nc3 Bg7 4. Nf3 d6 5. Bf4 O-O 6. e3 c5 7. Be2 cxd4 8. exd4 b6 9. O-O Bb7 10. d5 Nbd7 11. Nd4 Nc5 12. Bf3 {[%emt 0:04:42] White is more active.} Nfd7 13. Rc1 Bxd4 14. Qxd4 {[%emt 0:00:19] And now Bh6 would win.} e5 $1 15. dxe6 Nxe6 16. Qxd6 (16. Qd1 {simplifies} Bxf3 17. Qxf3 Ne5 18. Bxe5 dxe5 19. Nd5) 16... Bxf3 17. gxf3 Ndc5 18. Qxd8 Rc8 $4 (18... Rfxd8 $11 19. Be3 Nd3) 19. Qxf8+ Rxf8 20. Bh6 Rd8 21. Nd5 Kh8 22. Nf6 1-0

[Event "Marshall Masters 44"]
[Site "New York"]
[Date "2024.12.18"]
[Round "1.4"]
[White "Hinson, Miles"]
[Black "Lu, Maximillian"]
[Result "0-1"]
[ECO "B15"]
[WhiteElo "1980"]
[BlackElo "2404"]
[Annotator "TA"]
[PlyCount "106"]
[EventDate "2024.12.17"]
[EventType "swiss"]
[EventCountry "USA"]
[SourceTitle "playchess.com"]
[Source "ChessBase"]
[SourceQuality "1"]
[TimeMode "Bronstein"]
[TimeControl "1500+5"]

1. e4 c6 2. d4 g6 3. Nc3 Bg7 4. f4 d5 5. e5 Nh6 6. Nf3 Bg4 7. Be3 Qb6 8. Rb1 Nf5 9. Bf2 e6 10. Be2 Bh6 11. Qd2 Nd7 12. h3 Bxf3 13. Bxf3 c5 14. dxc5 Qb4 15. Ne2 (15. g3 {deserves consideration.}) 15... Qxd2+ $11 16. Kxd2 Nxe5 17. Bg4 Nc4+ {[%emt 0:01:04] A dynamic duo of knights.} ({Better is} 17... Ne7) 18. Kd3 Bg7 19. Bxf5 (19. c3 {with more complications.} h5 20. Bf3 h4 21. a4) 19... gxf5 20. Bd4 Rg8 21. g4 $1 Bxd4 22. Nxd4 fxg4 23. hxg4 Rxg4 24. Rxh7 (24. b3 $1 $11 {keeps the balance.} Na5 25. Rxh7) 24... Rg3+ (24... Rxf4 $2 25. Rh8+ Kd7 26. Rxa8 $18) 25. Ke2 {[%emt 0:00:17] Hoping for Rh8+.} Ke7 $1 26. b3 {[%emt 0:01:45] [#]} Rg2+ $1 27. Kd3 {[%emt 0:00:53] [#]} Nd2 $1 28. Re1 Ne4 $36 {[%emt 0:00:06][%mdl 2048] Black is on the roll.} 29. Nf3 Rag8 {[%emt 0:03:08] Black is more active.} (29... Nxc5+ $2 30. Kd4 Ne4 (30... Rxc2 31. Ne5 $17) 31. c4 $17) 30. Ng5 Nxg5 (30... Nxc5+ 31. Ke3 $17) 31. fxg5 R8xg5 $19 {[%emt 0:00:05][%mdl 4096] Endgame KRR-KRR. Black is a pawn up.} 32. Kc3 d4+ 33. Kxd4 (33. Kd3 $17) 33... Rd5+ ({Don't do} 33... Rxc2 34. Rf1 Rd5+ (34... Rxa2 $2 {perishes.} 35. Rfxf7+ Ke8 36. Rxb7 $18) 35. Ke3) 34. Kc4 Rxc2+ 35. Kb4 Rcxc5 36. Rg1 Rf5 {[%emt 0:00:22] ...a5+ would now be deadly.} 37. Rg8 (37. Rg2 $142) 37... a5+ 38. Ka3 b5 39. Rh2 {[%emt 0:00:05] Inhibits Rf2.} Rf1 40. Ra8 b4+ 41. Ka4 Rff5 42. Rh6 $2 (42. Ra7+ $19 Kf8 43. Rb2) 42... Rc2 43. Ra7+ Kd6 44. Ra6+ Kc7 45. a3 Ra2 46. Ra7+ Kb6 47. Rxe6+ fxe6 48. Ra6+ Kc5 49. Rc6+ Kd4 50. Rc4+ Ke3 51. Re4+ Kf3 52. Re3+ Kf2 53. Re2+ Rxe2 0-1

[Event "Marshall Masters 44"]
[Site "New York"]
[Date "2024.12.18"]
[Round "1.5"]
[White "Putnam, Liam"]
[Black "Kozower, Ethan"]
[Result "1-0"]
[ECO "E17"]
[WhiteElo "2403"]
[BlackElo "1983"]
[Annotator "TA"]
[PlyCount "85"]
[EventDate "2024.12.17"]
[EventType "swiss"]
[EventCountry "USA"]
[SourceTitle "playchess.com"]
[Source "ChessBase"]
[SourceQuality "1"]
[TimeMode "Bronstein"]
[TimeControl "1500+5"]

1. d4 Nf6 2. c4 e6 3. Nf3 b6 4. g3 Bb7 5. Bg2 Be7 6. O-O O-O 7. Re1 Qc8 8. Nc3 Ne4 9. Bd2 Rd8 10. Rc1 (10. d5 $14 Nxd2 11. Qxd2 (11. Nxd2 a5 $14)) 10... d6 11. d5 Nxc3 12. Bxc3 e5 13. b4 c6 14. e4 Qd7 {[%emt 0:01:11] [#]} (14... Nd7 $14) 15. c5 $1 $16 {[%emt 0:02:05] cxd6 would now be deadly.} f6 (15... Qe8 16. b5) 16. dxc6 {[%emt 0:01:20] White is more active.} (16. b5 $16 cxb5 17. c6 Nxc6 18. dxc6 Bxc6 19. Qb3+ Kh8 20. Bb2) 16... Bxc6 $14 17. Qb3+ ({Don't play} 17. b5 Bxb5 18. cxb6 (18. Qd5+ Kh8 $17) 18... Na6 $11) 17... Kf8 $2 (17... Kh8 $14) 18. cxd6 (18. b5 $1 $18 Bb7 (18... Bxb5 $2 {perishes.} 19. cxd6 Bxd6 20. Bb4 $18) 19. c6 Nxc6 20. bxc6 Bxc6 21. Bb4) 18... Bxd6 $2 (18... Qxd6 $16 {might work better.} 19. Bh3 a6) 19. Nh4 $2 (19. b5 $18) 19... a5 (19... Ba4 $1 $14 20. Qb2 Nc6) 20. Nf5 (20. Red1 $1 $18) 20... Qf7 $2 (20... Ba4 $1 $14 21. Qa3 b5) 21. Qb2 $18 Be7 22. Bf1 (22. f4 $1 $18 {[%cal Rf4e5] is the precise move to win.} Nd7 23. fxe5 axb4 24. Bxb4 Bc5+ 25. Bxc5+ bxc5 26. exf6 gxf6 27. Qc3 Rxa2 28. Qd3) 22... Bd7 $16 23. Nxe7 Qxe7 24. Red1 Nc6 {[%emt 0:00:47] [#]} 25. b5 $1 $36 {[%emt 0:00:05][%mdl 2048] White is really pushing.} Nb8 (25... Bg4 $16 26. Rxd8+ Nxd8) 26. Bc4 {[%emt 0:00:05] Black must now prevent Qd2.} Be8 $2 (26... Rc8 {keeps fighting.}) 27. Rxd8 $18 Qxd8 28. Bd5 Ra7 {[%emt 0:00:05] [#]} 29. Qb3 ({White must play} 29. Qa3+ $1 $18 Re7 30. Bb2) 29... Nd7 (29... Rc7 $16 {was called for.} 30. Bb2 Rxc1+ 31. Bxc1 g5 32. Qa3+ Qe7) 30. Bb2 {[%emt 0:00:05] Ba3+ is the strong threat.} Rc7 $2 (30... g6 31. Ba3+ Kg7) 31. Ba3+ {[%emt 0:00:05] This pair of bishops is nice.} Nc5 32. Bxc5+ Rxc5 33. Rxc5 bxc5 {[%emt 0:00:05][%mdl 4096] Endgame. KQB-KQB} 34. b6 a4 35. Qb2 Ke7 36. b7 Qb8 37. Qb6 c4 38. Bxc4 (38. Qc5+ $142 Kd8 39. Qa5+ (39. Qxc4 Bf7 $18) 39... Kd7 40. Qxa4+ Kd8 41. Qxc4) 38... Bd7 39. a3 h6 40. Bd5 {[%emt 0:00:05] Qc5+ would kill now.} Be8 41. Qb4+ Kd8 42. Qa5+ Ke7 43. Qa8 {[%emt 0:00:05] Weighted Error Value: White=0.61/Black=1.06.  Loses game:     	---       	Black=3      Missed win:     	White=1     	---        Mistake:       	White=6     	Black=6      Inaccurate:     	White=1     	Black=2      OK:         	White=6     	Black=5      Best:        	White=2     	Black=1      Strong:       	White=1     	---} 1-0

[Event "Marshall Masters 44"]
[Site "New York"]
[Date "2024.12.18"]
[Round "2.1"]
[White "Katz, Alexander"]
[Black "Tang, Andrew"]
[Result "0-1"]
[ECO "C55"]
[WhiteElo "2405"]
[BlackElo "2527"]
[Annotator "TA"]
[PlyCount "80"]
[EventDate "2024.12.17"]
[EventType "swiss"]
[EventCountry "USA"]
[SourceTitle "playchess.com"]
[Source "ChessBase"]
[SourceQuality "1"]
[TimeMode "Bronstein"]
[TimeControl "1500+5"]

1. e4 e5 2. Nf3 Nc6 3. Bc4 Nf6 4. d3 Be7 5. O-O O-O 6. a4 d6 7. a5 a6 8. c3 Kh8 {[%emt 0:00:05] The position is equal.} 9. Qb3 (9. Nbd2 $14) 9... Qe8 $11 10. Re1 Bg4 11. Nbd2 Nd7 12. h3 (12. Qxb7 $2 Nc5 13. Qxc7 Rc8 $19) 12... Bh5 13. g4 (13. Qxb7 $2 {too greedy.} Nc5 14. Qxc7 Rc8 $19) 13... Bg6 14. Nf1 (14. Qxb7 $2 Nc5 15. Qxc7 Rc8 $19) 14... Nc5 15. Qd1 Qd8 16. Ng3 Ne6 17. Nf5 Ng5 $1 18. Kh2 Bxf5 19. gxf5 (19. exf5 $14 Rb8 20. Bd5) 19... Nxf3+ 20. Qxf3 Bg5 21. b4 Bxc1 22. Raxc1 Qf6 23. Rg1 Ne7 24. Rg3 g6 25. Rcg1 c6 26. Qg4 (26. Ba2 $15) 26... d5 27. Bb3 gxf5 28. exf5 ({White should play} 28. Qg5 $15 Qxg5 29. Rxg5) 28... Rg8 $1 $17 (28... Nxf5 $2 {perishes.} 29. Rf3 $18) 29. Qh5 Nxf5 30. Rxg8+ Rxg8 31. Rxg8+ Kxg8 $19 {[%emt 0:00:05][%cal Bh8g8,Bg8f8,Bf8e7][%mdl 4128] Endgame. KQB-KQN} 32. Qg4+ Kf8 33. Bd1 Ke7 34. f4 $2 {[%emt 0:01:49] [#]} (34. Kg1 {is more resistant.}) 34... Ne3 35. Qf3 exf4 ({Weaker is} 35... Qxf4+ 36. Qxf4 exf4 37. Bf3 $17) 36. d4 (36. Be2 $142) 36... Qh4 {[%emt 0:00:05][%cal Oh4g3] ...Qg3+! is the strong threat.} 37. Be2 {[%emt 0:00:21] [#]} h5 $1 38. c4 (38. Bd3 Qe1) 38... dxc4 {[%emt 0:00:11] Black mates.} 39. b5 axb5 40. a6 bxa6 {[%emt 0:00:20] Weighted Error Value: White=0.52/Black=0.04 (flawless) .  Mistake:       	White=6     	---        Inaccurate:     	White=1     	Black=2      OK:         	White=7     	Black=18     Best:        	White=1     	Black=2      Strong:       	---       	Black=2} 0-1

[Event "Marshall Masters 44"]
[Site "New York"]
[Date "2024.12.18"]
[Round "2.2"]
[White "Lenderman, Aleksandr"]
[Black "Chasin, Nico"]
[Result "1-0"]
[ECO "D37"]
[WhiteElo "2480"]
[BlackElo "2417"]
[Annotator "TA"]
[PlyCount "73"]
[EventDate "2024.12.17"]
[EventType "swiss"]
[EventCountry "USA"]
[SourceTitle "playchess.com"]
[Source "ChessBase"]
[SourceQuality "1"]
[TimeMode "Bronstein"]
[TimeControl "1500+5"]

1. d4 e6 2. c4 Nf6 3. Nf3 h6 4. e3 d5 5. Nc3 a6 6. b3 Nbd7 7. Bb2 b6 8. cxd5 {[%emt 0:00:36] White is slightly better.} exd5 9. Bd3 Bd6 {[%emt 0:00:05] Repels Ne5} 10. O-O O-O 11. Rc1 Bb7 12. Ne2 Qe7 13. Nf4 Ne4 14. Qc2 Rfe8 {[%emt 0:01:31] [#]} (14... c6 $11) 15. Ne5 $1 $14 Ndf6 (15... c5 16. Bxe4) 16. Nc6 ({Better is} 16. f3 $16 Nc5 17. Bf5) 16... Qd7 ({Black should try} 16... Bxc6 $15 17. Bxe4 (17. Qxc6 $2 Nxf2 18. Rxf2 Qxe3 $19) 17... Qxe4 18. Qxc6 Rac8) 17. f3 Ng5 18. Ne5 Qe7 19. Rfe1 c5 20. Bf5 g6 ({Black should play} 20... Bc8 $14) 21. h4 gxf5 22. hxg5 hxg5 {[%emt 0:00:18] [#]} 23. Qxf5 Nh7 {[%emt 0:00:50] [#]} (23... gxf4 24. exf4 Qd8 25. Qg5+ Kf8) 24. Nh5 $2 {[%emt 0:00:40] A dynamic duo of knights.} (24. Ng4 $1 $18 {[%cal Rg4h6] and the rest is easy.} Bc8 (24... gxf4 $2 {too greedy.} 25. dxc5 Qe6 26. cxd6 $18) 25. Nh6+ (25. Qxd5 $2 Bxg4 26. fxg4 gxf4 $19) 25... Kh8 26. Nxf7+ (26. Qxd5 Bxf4 27. exf4 Be6 $18) (26. dxc5+ f6 $18) 26... Kg8 27. Nh6+ (27. Qxd5 Qxf7 28. Qxd6 gxf4 $18) 27... Kh8 28. dxc5+ (28. Qxd5 Qf6 $18) 28... d4 29. cxd6 (29. Bxd4+ Be5 $18) 29... Bxf5 30. dxe7) 24... Bc8 $16 25. Qd3 {[%emt 0:00:05] White has more active pieces. The black rooks are passive.} Nf6 $2 (25... g4 $16 {is a better defense.}) 26. Nc6 $18 Bh2+ 27. Kxh2 Qd6+ 28. Ng3 c4 (28... Qxc6 $142 29. dxc5 Re6) 29. bxc4 Qxc6 30. cxd5 Qxd5 31. e4 Qxa2 32. Qd2 Nh7 33. d5 Bd7 34. Nh5 {[%emt 0:00:18] Nf6+ is the strong threat.} Rac8 35. Nf6+ Nxf6 36. Qxg5+ Kh7 37. Bxf6 {[%emt 0:00:05] Weighted Error Value: White=0.22 (precise) /Black=0.80.  Loses game:     	---       	Black=1      Missed win:     	White=1     	---        Mistake:       	White=1     	Black=5      Inaccurate:     	---       	Black=3      OK:         	White=11    	Black=8      Best:        	White=1     	Black=1      Brilliant:      	White=1     	---} 1-0

[Event "Marshall Masters 44"]
[Site "New York"]
[Date "2024.12.18"]
[Round "2.3"]
[White "Tanenbaum, Zachary"]
[Black "Zeltsan, Joseph"]
[Result "0-1"]
[ECO "B00"]
[WhiteElo "2297"]
[BlackElo "2405"]
[Annotator "TA"]
[PlyCount "88"]
[EventDate "2024.12.17"]
[EventType "swiss"]
[EventCountry "USA"]
[SourceTitle "playchess.com"]
[Source "ChessBase"]
[SourceQuality "1"]
[TimeMode "Bronstein"]
[TimeControl "1500+5"]

1. e4 Nc6 2. Nf3 d6 3. d4 Nf6 4. Nc3 a6 5. d5 Nb8 6. h3 e5 7. a4 a5 8. Bc4 Be7 9. O-O h6 10. Nh2 Nbd7 11. Bb5 O-O 12. Bd3 Nh7 13. Ng4 Bg5 14. Bxg5 hxg5 {[%emt 0:01:15] Black is weak on the light squares} 15. Ne3 (15. Qd2 $14) 15... g6 $11 16. Nb5 Kg7 17. c3 Ndf6 ({Better is} 17... Nhf6 $1 $15) 18. Qc2 (18. g4 $11 {remains equal.}) 18... Nh5 $17 19. Be2 Nf4 20. Bg4 c6 21. dxc6 bxc6 22. Na3 d5 23. Rad1 Nf6 24. Bxc8 Qxc8 25. exd5 cxd5 26. f3 Rh8 27. Rfe1 $2 {[%emt 0:00:30][%mdl 8192] [#]} (27. Nb5 $17) 27... Rxh3 $1 $19 28. Nf5+ (28. Rf1 Rh5) 28... gxf5 29. gxh3 Qc5+ 30. Kf1 Rh8 (30... Nxh3 31. Qh2 Rh8 32. Rxe5 $11) 31. Qf2 Qe7 32. Re3 (32. Qg1 $142 Nd7 (32... Nxh3 $2 33. Qd4 $19) 33. Nb5) 32... Rxh3 33. Qg1 Kg6 {[%emt 0:00:22] And now ...Qb7 would win.} 34. Ke1 {[%emt 0:00:05] [#]} Ng4 $1 35. fxg4 Rxe3+ 36. Kd2 Re2+ 37. Kc1 fxg4 38. Qxg4 Qc5 39. Kb1 Qf2 40. Nc4 dxc4 41. Ka1 Re1 42. Ka2 Rxd1 43. Qxd1 Nd3 44. Qb1 {[%emt 0:00:05] [#]} Qxb2+ 0-1

[Event "Marshall Masters 44"]
[Site "New York"]
[Date "2024.12.18"]
[Round "2.4"]
[White "Lu, Maximillian"]
[Black "Moor, Nathaniel Philip"]
[Result "1-0"]
[ECO "A00"]
[WhiteElo "2404"]
[BlackElo "2250"]
[Annotator "TA"]
[PlyCount "61"]
[EventDate "2024.12.17"]
[EventType "swiss"]
[EventCountry "USA"]
[SourceTitle "playchess.com"]
[Source "ChessBase"]
[SourceQuality "1"]
[TimeMode "Bronstein"]
[TimeControl "1500+5"]

1. a3 a6 2. b4 b5 3. a4 Bb7 4. Nf3 e6 5. axb5 Bxb4 6. bxa6 Nxa6 7. Bb2 Nf6 8. g3 O-O 9. Bg2 Nc5 10. Rxa8 Qxa8 11. c3 {[%emt 0:02:09] White is weak on the light squares} Ba5 12. Ba3 d6 13. Bxc5 dxc5 14. O-O Bb6 15. c4 Ba5 16. d3 Bc6 17. Qc2 Bb4 18. Nbd2 Qa3 19. Rb1 Ra8 20. Nb3 {[%emt 0:01:19] Black must now prevent Ne5.} Ba4 21. Nfd2 (21. Nfd4 $5 Ra6 22. Nb5 Bxb3 23. Rxb3 $14) 21... Rb8 22. Qc1 Rb6 $2 (22... Qxc1+ $11 {and Black is okay.} 23. Rxc1 Nd7) 23. Qxa3 $18 Bxa3 24. Ra1 $1 Bxb3 25. Rxa3 {[%emt 0:00:05] Threatening mate with Ra8+.} g5 26. Nxb3 Kg7 27. h3 Nd7 28. Bf3 Ne5 29. Kg2 Nd7 30. e3 Kg6 31. Bd1 1-0

[Event "Marshall Masters 44"]
[Site "New York"]
[Date "2024.12.18"]
[Round "2.5"]
[White "Rohde, Michael"]
[Black "Putnam, Liam"]
[Result "0-1"]
[ECO "D46"]
[WhiteElo "2286"]
[BlackElo "2403"]
[Annotator "TA"]
[PlyCount "109"]
[EventDate "2024.12.17"]
[EventType "swiss"]
[EventCountry "USA"]
[SourceTitle "playchess.com"]
[Source "ChessBase"]
[SourceQuality "1"]
[TimeMode "Bronstein"]
[TimeControl "1500+5"]

1. Nf3 d5 2. d4 Nf6 3. c4 e6 4. Nc3 c6 5. e3 Nbd7 6. a3 Bd6 7. Bd3 dxc4 8. Bxc4 O-O 9. O-O b5 10. Ba2 a6 11. e4 e5 12. Be3 Qc7 13. h3 exd4 14. Bxd4 (14. Nxd4 $14 Nc5 15. Qf3) 14... Bb7 $11 15. Re1 Rae8 16. Rc1 ({Better is} 16. b4 $11) 16... c5 $15 17. Bxf6 Nxf6 18. Nd5 Nxd5 19. Bxd5 Rd8 20. Qc2 Bxd5 21. exd5 g6 22. Qc3 Rfe8 {[%emt 0:00:30] Repels Ne5} 23. Qf6 Re7 24. Re3 (24. Kf1 $11 {remains equal.}) 24... Rde8 25. Rce1 c4 26. Ng5 $2 (26. Rxe7 $15 Rxe7 27. Rd1) 26... Rxe3 $19 27. Rxe3 Rxe3 28. fxe3 {[%emt 0:00:05][%mdl 4096] Endgame KQB-KQN} Qe7 {[%emt 0:01:10] Prevents Ne4} 29. Ne4 Qxe4 (29... Qxf6 $1 $19 30. Nxf6+ Kf8) 30. Qxd6 {[%emt 0:00:05] [#] KQ-KQ} Qb1+ $1 31. Kh2 Qxb2 32. Qe7 {[%emt 0:00:14] [#]} (32. Qf4 $17 {was called for.}) 32... Kg7 $1 33. d6 {[%emt 0:00:21] Black must now prevent d7.} Qf6 $1 (33... Qxa3 $2 34. Qe5+ f6 35. Qe7+ Kg8 36. Qxf6 $18) 34. Kg3 c3 ({Not} 34... Qxe7 $2 35. dxe7 a5 36. e8=Q $18 (36. e8=R Kf6 $18)) 35. e4 $2 (35. Qc7 $19) 35... c2 (35... Qxe7 36. dxe7 c2 37. e8=Q $17) 36. e5 Qxe7 (36... c1=Q $2 37. Qxf6+ (37. exf6+ Kh6 $18) 37... Kg8 38. d7 Qxa3+ 39. Kh2 $18) (36... Qf1 $142 37. Qf6+ Qxf6 38. exf6+ Kxf6 39. h4 c1=Q (39... c1=R $2 40. Kg4 $19) 40. Kh2 Qxa3 (40... Qf4+ $2 41. Kg1 $19) 41. g4 Qxd6+ 42. Kh3 Qd3+ 43. Kg2 Ke5 44. Kh1 Qf1+ 45. Kh2 Kf4 46. h5 Kf3 47. hxg6 Qg2#) 37. dxe7 c1=Q (37... c1=R $2 38. e8=Q $18 (38. e8=R $2 {too greedy.} Ra1 $19)) 38. e8=Q Qxa3+ {[%emt 0:00:05] KQ-KQ. Black is two pawns up.} 39. Kh2 Qe3 40. Qe7 {[%emt 0:00:07] Wards off b4} Qf4+ 41. Kh1 Qf5 42. Qd6 Qe6 {[%emt 0:00:05] ( -> ...Qxd6)} 43. Qc5 {[%emt 0:00:06] [#]} (43. Qd4 $142) 43... b4 $1 44. Qxb4 Qxe5 {[%emt 0:00:05] Hoping for ...Qa1+.} 45. Kg1 (45. Qa3 $142 a5 46. Kg1) 45... a5 46. Qa4 h5 47. Kf2 {[%emt 0:00:08] Prevents Qe1+.} Qb2+ 48. Kf3 Qb4 49. Qa1+ Kg8 50. Qe5 a4 51. Qe8+ Kg7 52. Qe5+ Kh7 53. Qe8 Qb3+ 54. Kf4 a3 55. g4 0-1

[Event "Marshall Masters 44"]
[Site "New York"]
[Date "2024.12.18"]
[Round "3.1"]
[White "Tang, Andrew"]
[Black "Lu, Maximillian"]
[Result "1-0"]
[ECO "D02"]
[WhiteElo "2527"]
[BlackElo "2404"]
[Annotator "TA"]
[PlyCount "102"]
[EventDate "2024.12.17"]
[EventType "swiss"]
[EventCountry "USA"]
[SourceTitle "playchess.com"]
[Source "ChessBase"]
[SourceQuality "1"]
[TimeMode "Bronstein"]
[TimeControl "1500+5"]

1. d4 Nf6 2. Nf3 d5 3. Bf4 c5 4. e3 Nc6 5. Nbd2 e6 6. c3 Bd6 7. Bg3 O-O 8. Bd3 b6 9. e4 dxe4 (9... Be7 $11) 10. Nxe4 $14 Nxe4 11. Bxe4 {[%emt 0:00:05] White is slightly better.} Bb7 12. dxc5 {[%emt 0:00:05] White is more active.} Bxc5 13. Qa4 b5 14. Qxb5 $16 Qb6 15. Qxb6 axb6 16. Ne5 Na5 (16... Nxe5 $16 {might work better.} 17. Bxb7 Ra7) 17. Bc2 (17. Bxb7 $18 Nxb7 18. Ke2) 17... Nc6 (17... Bxg2 $2 18. Rg1 Bb7 19. b4 $18) 18. Nd7 Rfd8 19. Nxc5 bxc5 20. f3 $36 {[%emt 0:00:21][%mdl 2048] Keeping Black busy.} Ba6 21. Be4 {[%emt 0:00:39] A strong pair of Bishops.} Rac8 22. Rd1 Rxd1+ 23. Kxd1 f5 24. Bc2 Kf7 25. Kc1 Kf6 26. Rd1 g5 27. Rd7 ({White should try} 27. b3 $18) 27... Bf1 (27... f4 $16 {was called for.}) 28. Rxh7 $18 Bxg2 29. Rh6+ Kf7 30. h4 Rg8 (30... gxh4 {keeps fighting.} 31. Bxh4 Re8) 31. Bd1 $2 (31. Bb3 $18 {and White stays clearly on top.} Rg6 32. hxg5 Bxf3 33. Bc7) 31... f4 $16 32. Bh2 (32. Be1 $1 $16) 32... Ne5 $1 $14 33. hxg5 Rxg5 34. Rh4 (34. Bxf4 Nd3+ 35. Kd2 Nxf4 $17) (34. Kc2 $16 Rf5 35. Rh4) 34... Nd3+ $11 35. Kd2 Bf1 {[%emt 0:00:06] And now ...Rg2+ would win.} 36. c4 (36. Bxf4 $2 Rg2+ 37. Ke3 Nxb2 38. Rh7+ Kg6 39. Rh6+ (39. Rd7 $2 Bb5 $19) 39... Kf7 (39... Kg7 $2 40. Ke4 $19) 40. Rh7+ Kg6 41. Rh6+ (41. Rd7 $2 Bb5 $19) 41... Kg7 $19) 36... Rg2+ 37. Kc3 e5 38. a3 (38. Bc2 $2 Nc1 39. Be4 (39. Rh7+ $2 Kg8 $19) 39... Nxa2+ 40. Kb3 Nc1+ 41. Kc3 Ne2+ 42. Kb3 Nd4+ 43. Kc3 Rf2 $19) (38. a4 $5) 38... Nxb2 39. Bc2 {[%emt 0:01:00] [#]} Bxc4 40. a4 {[%emt 0:00:05][%cal Oh4h5] [#]} (40. Kxb2 $2 Bd3 41. Kc3 Bxc2 42. Bxf4 exf4 $19) (40. Rh5 {simplifies} Be2 41. Bxf4 exf4 42. Kxb2 Bxf3 43. Rf5+) 40... Be6 41. a5 (41. Bxf4 $11 {keeps the balance.} Nxa4+ 42. Bxa4 exf4 43. Bc6) 41... Nc4 $17 {[%emt 0:00:05][%cal Oc4e3] Threatens to win with ...Ne3!} 42. Rh7+ Kg8 43. Rh6 {[%emt 0:00:08] [#]} Ne3 ({Don't play} 43... Nxa5 $6 44. Rxe6 Rxh2 45. Ra6 $11) (43... Bf7 $1 $17 {[%cal Oc4e3] Strongly threatening ...Ne3!} 44. a6 Ne3) 44. Rg6+ $11 Rxg6 45. Bxg6 {[%emt 0:00:05][%mdl 4096] Endgame. KBB-KBN} Nd5+ 46. Kd2 Kg7 47. Be4 {[%emt 0:00:10][%mdl 1024] a6 is the strong threat. White has compensation.} Nb4 48. Bg1 Na6 {[%emt 0:00:05] [#]} (48... Kf6 $14) 49. Kc3 $1 $16 {[%emt 0:00:11] Black must now prevent Bb7.} ({Of course not} 49. Bb7 $6 Bc4 $11) 49... Kf6 $2 (49... Bh3 $16 {is tougher.}) 50. Bb7 $18 Nc7 51. Bxc5 Bd7 {[%emt 0:00:07] Weighted Error Value: White=0.20 (precise) /Black=0.34.  Loses game:     	---       	Black=1      Missed win:     	White=1     	---        Mistake:       	White=5     	Black=9      Inaccurate:     	White=3     	Black=2      OK:         	White=17    	Black=12     Best:        	White=6     	Black=3      Strong:       	White=1     	Black=1} 1-0